 Dungeon Crawl Stone Soup version 0.21.1-1-g345015fe64 (webtiles) character file.

32 Kohma the Sneak (level 3, -4/16 HPs)
             Began as a Vine Stalker Enchanter on June 16, 2018.
             Killed from afar by a kobold (8 damage)
             ... with a wand of flame (26)
             ... on level 2 of the Dungeon.
             The game lasted 00:04:31 (1523 turns).

Kohma the Sneak (Vine Stalker Enchanter)            Turns: 1523, Time: 00:04:32

Health: -4/16      AC:  3    Str: 11    XL:     3   Next: 27%
Magic:  0/7        EV: 12    Int: 15    God:
Gold:   97         SH:  0    Dex: 14    Spells: 3/6 levels left

rFire    . . .     SeeInvis .   a - +1 dagger
rCold    . . .     Gourm    .   (no shield)
rNeg     . . .     Faith    .   b - +0 robe
rPois    .         Spirit   +   (no helmet)
rElec    .         Reflect  .   m - +0 cloak
rCorr    .         Harm     .   (no gloves)
MR       .....                  (no boots)
Stlth    +++.......             (no amulet)
HPRegen  0.05/turn              (no ring)
MPRegen  0.10/turn              (no ring)

@: no status effects
A: fangs 2, magic shield, antimagic bite, no potion heal 3, rot immunity
a: no special abilities


You were on level 2 of the Dungeon.
You were not hungry.

You visited 1 branch of the dungeon, and saw 2 of its levels.

You collected 97 gold pieces.

Inventory:

Hand Weapons
 a - a +1 dagger (weapon)
 p - a +0 club
Missiles
 f - 15 poisoned needles
 q - 36 sling bullets
Armour
 b - a +0 robe (worn)
 m - a +0 cloak (worn)
Jewellery
 n - a cursed amulet of inaccuracy {unknown}
Scrolls
 g - 3 scrolls of identify {unknown}
 k - 2 scrolls of blinking {unknown}
 r - a scroll of fear {unknown}
Potions
 e - a potion of agility {unknown}
 h - a potion of might {unknown}
 i - a potion of mutation {unknown}
 j - 3 potions of curing {unknown}
 l - 2 potions of cancellation {unknown}
 s - a potion of haste {unknown}
Books
 c - a book of Maledictions

   Spells                             Type                      Level
   a - Corona                         Hexes                        1
   b - Ensorcelled Hibernation        Hexes/Ice                    2
   c - Confuse                        Hexes                        3
   d - Tukima's Dance                 Hexes                        3
   e - Dazzling Spray                 Conjuration/Hexes            3
Comestibles
 d - 3 rations


   Skills:
 + Level 1.3 Short Blades
 + Level 1.9 Dodging
 + Level 4.0 Stealth
 + Level 2.4 Spellcasting
 * Level 3.4 Hexes


You had 3 spell levels left.
You knew the following spells:

 Your Spells              Type           Power        Failure   Level  Hunger
a - Corona                Hex            ##.....      4%          1    #......
b - Ensorcelled Hibernat  Hex/Ice        #.....       16%         2    ###....


Dungeon Overview and Level Annotations

Branches:
Dungeon (2/15)

Altars:
Ashenzari


Innate Abilities, Weirdness & Mutations

You have extremely sharp teeth.
When hurt, damage is shared between your health and your magic reserves.
Your bite disrupts and absorbs the magic of your enemies.
Potions cannot restore your health.
You are immune to rotting.


Message History

A kobold comes into view.
The kobold shouts!
You hear a shout!
The kobold zaps a wand.
The puff of flame hits you!
It is a wand of flame (27).
A kobold comes into view.
The kobold zaps a wand.
The puff of flame hits you!
* * * LOW HITPOINT WARNING * * *
A kobold comes into view.
The kobold moves out of view.
A kobold comes into view. It is wielding a whip.
The kobold shouts!
The kobold completely misses you.
The kobold throws a stone.
The stone barely misses you.
You miss the kobold. The kobold closely misses you.
The kobold barely misses you.
The kobold throws a stone.
The stone misses you.
The kobold shouts!
You hit the kobold. Your bite misses the kobold.
The kobold is severely wounded.
The kobold zaps a wand.
The puff of flame hits you!
Ouch! That really hurt!
You die...

....#........######.#
....+.........## #.#
....#.......#..####.####
....##########..........
....# #.........###
....# #.........###.
...# #...<......... ...#
#.....(...#.##
#.....@K..# .. #
#.....K...# # #
#.........# #
#........... #
...........#.# #
..........K#... #
..K......... .. #
...........#. #


You could see 4 kobolds.

Vanquished Creatures
  A leopard gecko (D:1)
  6 goblins
  6 hobgoblins
  A ball python (D:1)
  6 bats
  3 kobolds (D:2)
  7 rats
30 creatures vanquished.

Notes
Turn   | Place    | Note
-------+----------+-------------------------------------------
     0 | D:1      | Kohma the Vine Stalker Enchanter began the quest for the Orb.
     0 | D:1      | Reached XP level 1. HP: 9/9 MP: 4/4
   111 | D:1      | Reached skill level 1 in Short Blades
   161 | D:1      | Reached XP level 2. HP: 9/13 MP: 6/6
   248 | D:1      | Learned a level 2 spell: Ensorcelled Hibernation
  1037 | D:2      | Reached XP level 3. HP: 16/16 MP: 7/7
  1045 | D:2      | Found a shattered altar of Ashenzari.
  1305 | D:2      | Reached skill level 4 in Stealth
  1523 | D:2      | Killed from afar by a kobold

Skill      XL: |  1  2  3 |
---------------+----------+-----
Short Blades   | 1 |  1.3
Stealth        | 4 |  4.0
Dodging        | |  1.9
Spellcasting   | |  2.4
Hexes          | |  3.4

Action                   || total
-------------------------++-------
Melee: Dagger            ||    78
       Bite              ||    11
 Cast: Ensorcelled Hiber ||    10
       Corona            ||     3
 Stab: Sleeping          ||    13
  Eat: Chunk             ||     3
Armor: Robe              ||    23
Dodge: Dodged            ||    69
